 Dungeon Crawl Stone Soup version 0.31-a0-360-gb3e1d13bf4 (webtiles) character file.

Game seed: 987303142679236359

172 CraigForest the Digger (level 5, 0/45 HPs)
             Began as a Troll Earth Elementalist on July 27, 2023.
             Shot with a sling bullet by a goblin (3 damage)
             ... on level 3 of the Dungeon.
             The game lasted 00:11:46 (1707 turns).

CraigForest the Digger (Troll Earth Elementalist)   Turns: 1707, Time: 00:11:46

Health: 0/45       AC:  7    Str: 16    XL:     5   Next: 27%
Magic:  4/7        EV: 10    Int: 13    God:
Gold:   105        SH:  0    Dex: 10    Spells: 2/8 levels left

rFire   x . .        l - +7 hammer of the Gloaming {elec, rF- rN+ Will++ Stlth+}
rCold   . . .        (no shield)
rNeg    + . .        a - +0 robe
rPois   .            (helmet restricted)
rElec   .            n - +2 cloak
rCorr   .            (gloves unavailable)
SInv    .            (boots unavailable)
Will    ++...        (no amulet)
Stlth   ++           (no ring)
HPRegen 1.07/turn    (no ring)
MPRegen 0.10/turn

%: no passive effects
@: lethally poisoned (0 -> 0)
A: large, unfitting armour, claws 3, regeneration 1, shaggy fur 1, tough skin 1
a: no special abilities


You were on level 3 of the Dungeon.
You visited 1 branch of the dungeon, and saw 3 of its levels.

You collected 105 gold pieces.

Inventory:

Hand Weapons
 g - a +0 mace
 i - a +0 war axe
 l - the +7 hammer of the Gloaming (weapon) {elec, rF- rN+ Will++ Stlth+}
   (You found it on level 2 of the Dungeon)

   rF:        It makes you vulnerable to fire.
   rN:        It protects you from negative energy.
   Will:      It greatly increases your willpower.
   Stlth:     It makes you more stealthy.
 m - a +2 quarterstaff of chaos
Armour
 a - a +0 robe (worn)
 n - a +2 cloak (worn)
Scrolls
 c - 2 scrolls of silence {unknown}
 e - a scroll of blinking {unknown}
 f - 3 scrolls of identify {unknown}
 h - a scroll of teleportation {unknown}
 j - a scroll of brand weapon {unknown}
 k - a scroll of poison {unknown}
Potions
 b - a potion of magic
 d - 2 potions of cancellation {unknown}
 o - a potion of attraction {unknown}
 p - a potion of heal wounds {unknown}


   Skills:
 + Level 0.3 Fighting
 + Level 0.4 Maces & Flails
 + Level 2.2 Dodging
 - Level 1.0 Stealth
 - Level 2.1 Unarmed Combat
 + Level 2.0 Spellcasting
 + Level 0.6 Transmutations
 + Level 3.8 Earth Magic


You had 2 spell levels left.
You knew the following spells:

 Your Spells              Type           Power      Damage    Failure   Level
a - Sandblast             Erth           22%        2d7       5%          1
b - Passwall              Tmut/Erth      5%         N/A       16%         2
c - Stone Arrow           Conj/Erth      12%        3d7       34%         3

Your spell library contained the following spells:

 Spells                   Type           Power      Damage    Failure   Level
 Magic Dart               Conj           4%         1d3       26%         1
 Blink                    Tloc           2%         N/A       36%         2
 Call Imp                 Summ           2%         N/A       36%         2
 Lesser Beckoning         Tloc           2%         N/A       36%         2
 Momentum Strike          Conj/Tloc      2%         3d8       36%         2
 Mephitic Cloud           Conj/Pois/Air  1%         N/A       58%         3
 Petrify                  Tmut/Erth      7%         N/A       71%         4


Dungeon Overview and Level Annotations

Branches:
Dungeon (3/15)

Altars:

Annotations:
D:3 Sigmund


Innate Abilities, Weirdness & Mutations

You are too large for most types of armour.
You have claws for hands.
Your natural rate of healing is unusually fast.
You are covered in fur. (AC +1)
You have tough skin. (AC +1)


Message History

The goblin hits you but does no damage.
The goblin unwields a +0 club.
The goblin wields a +0 sling.
The goblin shoots a sling bullet.
The sling bullet hits you but does no damage.
Aiming: Sandblast (safe; 5% risk of failure)
Press: ? - help, Q - select action, (/) - cycle Shift-Dir - straight line, f/p - Sigmund
Aim: Sigmund, wielding a +4 scythe of venom and wearing a +0 robe (severely wounded, 80% to hit)
The blast of sand hits Sigmund.
Sigmund is severely wounded.
You feel very sick.
Sigmund mumbles some strange words.
Sigmund flickers and vanishes!
Deactivating autopickup; reactivate with Ctrl-A.
The goblin hits you but does no damage.
The goblin shoots a sling bullet.
The sling bullet hits you. Something hits you.
You are more poisoned.
The goblin barely misses you.
Aiming: Sandblast (safe; 5% risk of failure)
Press: ? - help, Q - select action, (/) - cycle Shift-Dir - straight line You miscast Sandblast.
You are very lightly contaminated with residual magic.
Nothing appears to happen.
You feel very sick. The goblin hits you but does no damage.
The goblin unwields a +0 sling.
The goblin wields a +0 club.
The goblin hits you but does no damage. The goblin attacks as you move away!
The goblin closely misses you.
You feel very sick.
You hear some strange, mumbled words.
A puff of flame appears from out of thin air!
The puff of flame hits you! The fire burns you terribly!
* * * LOW HITPOINT WARNING * * *
You feel very sick. The goblin attacks as you move away!
The goblin closely misses you.
You feel sick.
The goblin unwields a +0 club.
The goblin wields a +0 sling.
The goblin shoots a sling bullet.
The sling bullet misses you.
You feel sick.
You feel sick.
You feel sick.
Your magical contamination has completely faded away.
You feel sick.
The goblin shoots a sling bullet.
The sling bullet hits you.
You die...

#.###............
.......).......
..##.......##### #
#..#.#.## ##....#.# ####
#...#.#.# ..
..#..#......# #.
#.#.###.....## #. ####@^#
##.#.#.####. . ..##?
#....## ##.........
#......##g##g.##
##.#.#.#####
#...##.......#.###....###
......)##.#####.#.#####
#...)...#.......#
####.####.####..# #. #..#
.. ...#


You could see 2 goblins.

Vanquished Creatures
  Crazy Yiuf (D:2)
  Natasha (thrice) (D:2)
  Robin (D:2)
  A worm (D:2)
  2 dart slugs
  2 ball pythons
  7 endoplasms
  2 hobgoblins
  4 jackals (D:2)
  5 kobolds
  2 bats
  2 frilled lizards
  14 goblins
  3 rats (D:1)
49 creatures vanquished.

Notes
Turn   | Place    | Note
-------+----------+-------------------------------------------
     0 | D:1      | CraigForest the Troll Earth Elementalist began the quest
                  | for the Orb.
     0 | D:1      | Reached XP level 1. HP: 16/16 MP: 1/1
    86 | D:1      | Found a faded altar of an unknown god.
   110 | D:1      | Reached skill level 3 in Earth Magic
   126 | D:1      | Reached XP level 2. HP: 24/24 MP: 0/2
   139 | D:1      | Learned a level 2 spell: Passwall
   672 | D:2      | Reached XP level 3. HP: 31/31 MP: 0/4
   691 | D:2      | Noticed Natasha
   694 | D:2      | Identified the -1 helmet of the Orcish Mines {rC- rN++
                  | MP+9}
   694 | D:2      | Noticed Robin
   705 | D:2      | Killed Robin
   706 | D:2      | Reached skill level 1 in Unarmed Combat
   727 | D:2      | Killed Natasha
   728 | D:2      | Reached XP level 4. HP: 14/39 MP: 1/5
   886 | D:2      | Learned a level 3 spell: Stone Arrow
   904 | D:2      | Identified the +7 hammer of the Gloaming {elec, rF- rN+
                  | Will++ Stlth+}
   912 | D:2      | Found a runed translucent door.
   913 | D:2      | Noticed Crazy Yiuf
   921 | D:2      | Killed Crazy Yiuf
   958 | D:2      | Noticed Natasha
  1159 | D:2      | Killed Natasha
  1160 | D:2      | Reached XP level 5. HP: 45/45 MP: 3/6
  1444 | D:2      | Noticed Natasha
  1448 | D:2      | Killed Natasha
  1695 | D:3      | Noticed Sigmund
  1707 | D:3      | Shot with a sling bullet by a goblin

Illustrated notes

Levels and vault maps discovered:
D:1:      minmay_arrival_three_doors, layout_rooms, basic_ecumenical_altar,
          minmay_pentomino_s4
D:2:      layout_basic, uniq_robin, uniq_natasha, uniq_crazy_yiuf_cottage
D:3:      layout_loops_cross, serial_shops, nicolae_shop_crystal, uniq_sigmund

Skill      XL: |  1  2  3  4  5 |
---------------+----------------+-----
Earth Magic    | 3 |  3.8
Unarmed Combat | 1 2 |  2.1
Dodging        | 2 |  2.2
Spellcasting   | 2 |  2.0
Fighting       | |  0.3
Maces & Flails | |  0.4
Stealth        | |  1.0
Transmutations | |  0.6

Action                     |  1- 3 |  4- 6 || total
---------------------------+-------+-------++-------
  Melee: Unarmed           |    75 |     1 ||    76
         Punch             |     2 |       ||     2
         Mace              |       |    17 ||    17
   Cast: Sandblast         |    17 |    13 ||    30
 Armour: Robe              |    24 |     9 ||    33
  Dodge: Dodged            |    59 |    12 ||    71

Table legend: (Time is in decaauts)
 A = Elapsed time spent in this place.
 B = Non-inter-level travel time spent in this place.
 C = Inter-level travel time spent in this place.
 D = Time resting spent in this place.
 E = Time spent auto-exploring this place.
 F = Levels seen in this place.
 G = Mean time per level.
                   A        B        C        D        E       F      G
               +--------+--------+--------+--------+--------+-----+--------+
         Total |   1726 |   1301 |    425 |      0 |    923 |   3 |  575.3 |
       Dungeon |   1726 |   1301 |    425 |      0 |    923 |   3 |  575.3 |
               +--------+--------+--------+--------+--------+-----+--------+

Top non-repeatable levels by time:
     D:2: 1212 daAuts
     D:1: 442 daAuts
     D:3: 71 daAuts
